 Dungeon Crawl Stone Soup version 0.25-a0-42-g6c54e25894 (webtiles) character file.

Game seed: 15977659480938366679, levelgen mode: deterministic

5060 Esekla the Thaumaturge (level 10, -2/50 HPs)
             Began as a Deep Elf Wizard on Oct 22, 2019.
             Was an Initiate of Vehumet.
             Killed from afar by a hell hound (6 damage)
             ... with a blast of flame
             ... in a Gauntlet.
             The game lasted 01:54:27 (10387 turns).

Esekla the Thaumaturge (Deep Elf Wizard)           Turns: 10387, Time: 01:54:30

Health: -2/50      AC: 10    Str:  7    XL:     10   Next: 31%
Magic:  24/25      EV: 12    Int: 24    God:    Vehumet [......]
Gold:   362        SH:  0    Dex: 13    Spells: 19/28 levels left

rFire    + . .     SeeInvis .   v - +1 dagger (venom)
rCold    x . .     Gourm    .   (no shield)
rNeg     . . .     Faith    .   I - +2 ring mail {MR+}
rPois    +         Spirit   .   c - +0 helmet
rElec    .         Reflect  .   p - +0 cloak
rCorr    .         Harm     .   (no gloves)
MR       ++...     NoTele   +   (no boots)
Stlth    ++........             (no amulet)
HPRegen  0.16/turn              K - ring of fire
MPRegen  0.19/turn              F - ring of poison resistance

@: no status effects
A: no striking features
a: Renounce Religion


You were in a Gauntlet.
You worshipped Vehumet.
Vehumet was noncommittal.
You were hungry.

You visited 3 branches of the dungeon, and saw 11 of its levels.
You also visited: Gauntlet.

You collected 362 gold pieces.

Inventory:

Hand Weapons
 e - a +1 short sword of electrocution
 l - a +0 long sword
 v - a +1 dagger of venom (weapon)
 z - a +4 trident
 L - a +6 great sword
Missiles
 b - 9 boomerangs
 f - 36 poisoned darts (quivered)
 J - 4 silver javelins
Armour
 a - a +0 robe
 c - a +0 helmet (worn)
 p - a +0 cloak (worn)
 y - a +0 buckler
 I - a +2 ring mail of magic resistance (worn)
Jewellery
 i - an uncursed ring of protection from cold
 F - a ring of poison resistance (right hand)
 K - a ring of fire (left hand)
Wands
 q - a wand of flame (8)
 G - a wand of enslavement (29)
 M - a wand of random effects (37)
Scrolls
 g - a scroll of immolation
 j - a scroll of fog {unknown}
 n - 2 scrolls of remove curse
 o - a scroll of enchant weapon {unknown}
 t - 2 scrolls of fear
 u - a scroll of brand weapon {unknown}
 w - 4 scrolls of teleportation
 A - a scroll of magic mapping
 H - a scroll of noise
 P - a scroll of acquirement {unknown}
 Q - a scroll of amnesia {unknown}
 R - a scroll of blinking {unknown}
Potions
 k - 2 potions of haste {unknown}
 m - 3 potions of agility
 r - 2 potions of berserk rage
 x - 2 potions of brilliance
 B - a potion of curing
 C - a potion of magic {unknown}
 D - a potion of heal wounds {unknown}
 E - 2 potions of cancellation {unknown}
 O - a potion of might {unknown}
Comestibles
 d - 11 rations


   Skills:
 + Level 2.7(3.3) Short Blades
 + Level 2.4(3.0) Long Blades
 * Level 3.7 Armour
 + Level 5.1 Dodging
 - Level 3.6 Stealth
 + Level 9.6 Spellcasting
 * Level 7.4 Conjurations
   Level 1.1 Summonings
 + Level 4.7 Translocations
 + Level 1.9 Fire Magic
 * Level 5.6 Air Magic
 * Level 5.4 Poison Magic
 + Level 0.7 Evocations


You had 19 spell levels left.
You knew the following spells:

 Your Spells              Type           Power        Failure   Level  Hunger
a - Magic Dart            Conj           ####         1%          1    None
b - Blink                 Tloc           N/A          3%          2    None
c - Mephitic Cloud        Conj/Pois/Air  #####...     4%          3    None
f - Conjure Flame         Conj/Fire      ######..     8%          3    None

Your spell library contained the following spells:

 Spells                   Type           Power        Failure   Level  Hunger
 Gell's Gravitas          Tloc           ####......   8%          3    None
 Summon Small Mammal      Summ           ###.         11%         1    None
 Call Imp                 Summ           ###.....     17%         2    None
 Confusing Touch          Hex            ##....       19%         1    None
 Slow                     Hex            ##......     26%         2    None
 Call Canine Familiar     Summ           ###.....     32%         3    None
 Summon Guardian Golem    Hex/Summ       ##......     38%         3    None
 Summon Lightning Spire   Summ/Air       ####....     41%         4    #......
 Confuse                  Hex            ##......     47%         3    None
 Summon Ice Beast         Ice/Summ       ##......     80%         4    #......
 Petrify                  Tmut/Erth      ##......     87%         4    #......
 Metabolic Englaciation   Hex/Ice        ##........   99%         5    ####...
 Yara's Violent Unravell  Hex/Tmut       ##........   99%         5    ####...


Dungeon Overview and Level Annotations

Branches:
Dungeon (9/15)             Temple (1/1) D:7            Lair (1/6) D:8
Gauntlet (1/1)
    Orc: D:9-12

Altars:
Ashenzari
Cheibriados
Dithmenos
Elyvilon
Fedhas
Gozag
Hepliaklqana
Kikubaaqudgha
Makhleb
Nemelex Xobeh
Okawaru
Qazlal
Ru
Sif Muna
Trog
Uskayaw
Vehumet
Wu Jian
Xom
Yredelemnul
Zin
The Shining One

Annotations:
D:3 Grinder
D:5 1 runed translucent door, AarnesTheHuman's ghost, weakling OgWz Gauntlet 11 transporters


Message History

E - 2 fizzy yellow potions (gained 1)
The fire bat bites you.
* * * LOW HITPOINT WARNING * * *
You are engulfed in flames.
You resist.
* * * LOW HITPOINT WARNING * * *
The fire bat closely misses you.
The fire bat bites you but does no damage.
The fire bat barely misses you. The fire bat bites you.
* * * LOW HITPOINT WARNING * * *
You are engulfed in flames.
You resist.
* * * LOW HITPOINT WARNING * * *
The fire crab breathes flames at you.
The blast of flame engulfs the hell hound.
The hell hound completely resists.
The fire bat closely misses you.
The fire bat bites you but does no damage.
The fire bat barely misses you. The hell hound breathes flames at you.
The blast of flame hits the fire bat.
The fire bat completely resists.
The blast of flame hits you. You resist.
You die...

.#.#.#.#.#...##..##..#...#.##©#..
.#.##.##.#...#.##..#.#...##....#.
(##.###.Z#...#uGu..#.#...#Y....#.
[[##...kZ#...#########...#YY....#
##########.....#.©.#.....########
..#.©.#........#...#........#.©.#
..#.8.#...8....#.©.#....8...#.8.#
..#.©.#.....###########.....#.©.#
#########...#[hb@b[.≈.#...#######
#YY.©=%.#...#.≈bb○≈.§.#...#.=[©bh
#....#..#...#.§§h○.≈..#...#...8.b
#...###Y#...#.≈h☼§○.≈.#...#8.8.8.
#..#©#..#.8.#§.○☼©≈.≈≈#.8.##8.©.8
#.###..Y#...#≈§≈t..≈..#...#8.8.8.
#..#....#...#§≈.≈≈.≈§.#...#bh.8..
#.......#...#§≈§§≈§.≈.#...#bh8#8.
#########...#.§§§...≈.#...#######


You could see a great orb of eyes, 2 ugly things, a fire crab, 3 hell hounds and
4 fire bats.

Vanquished Creatures
  An elephant (D:8)
  2 hippogriffs (D:8)
  Sigmund (D:6)
  2 wyverns
  2 basilisks (D:8)
  Duvessa (D:6)
  A water moccasin (D:8)
  An orc warrior (D:3)
  A sky beast (D:5)
  2 black bears (D:7)
  An ice beast (D:6)
  3 phantoms (D:7)
  4 ogres
  2 crocodiles
  5 bullfrogs
  Dowan (D:6)
  2 scorpions
  4 killer bees (D:7)
  5 wights (D:7)
  A howler monkey (D:5)
  5 crimson imps
  A centaur zombie (D:7)
  A bullfrog zombie (D:5)
  A jelly (D:5)
  2 orc priests
  A bullfrog skeleton (D:8)
  2 gnoll shamans
  6 hounds
  3 centaur skeletons
  Natasha (thrice) (D:3)
  Jessica (D:2)
  5 orc wizards
  9 worker ants
  4 hound skeletons
  A howler monkey zombie (D:5)
  A worker ant zombie (D:7)
  12 gnolls
  A howler monkey skeleton (D:5)
  6 adders
  2 shadow imps (D:7)
  2 oozes
  2 adder skeletons (D:8)
  An adder zombie (D:5)
  5 worms
  6 leopard geckos
  25 orcs
  2 ball pythons
  9 bats
  3 giant cockroaches
  12 goblins
  7 hobgoblins
  5 jackals
  3 quokkas
  A ball python zombie (D:5)
  7 frilled lizards
  A giant cockroach zombie (D:5)
  A kobold (D:2)
  8 rats
209 creatures vanquished.

Vanquished Creatures (collateral kills)
  A killer bee (D:7)
1 creature vanquished.

Vanquished Creatures (others)
  A plant (Lair:1)
1 creature vanquished.

Grand Total: 211 creatures vanquished

Notes
Turn   | Place    | Note
-------+----------+-------------------------------------------
     0 | D:1      | Esekla the Deep Elf Wizard began the quest for the Orb.
     0 | D:1      | Reached XP level 1. HP: 10/10 MP: 7/7
   212 | D:2      | Reached skill level 5 in Spellcasting
   212 | D:2      | Reached XP level 2. HP: 15/15 MP: 8/10
   379 | D:2      | Noticed Jessica
   521 | D:1      | Learned a level 2 spell: Blink
   603 | D:1      | Reached XP level 3. HP: 19/19 MP: 7/11
   670 | D:1      | Learned a level 3 spell: Mephitic Cloud
   674 | D:1      | Learned a level 3 spell: Conjure Flame
  2057 | D:2      | Reached XP level 4. HP: 24/24 MP: 8/13
  2163 | D:2      | Killed Jessica
  2629 | D:3      | Reached skill level 1 in Poison Magic
  2701 | D:3      | Noticed an orc warrior
  2723 | D:3      | Reached XP level 5. HP: 28/28 MP: 3/15
  2736 | D:3      | Reached skill level 1 in Air Magic
  2848 | D:3      | Noticed Grinder
  3171 | D:3      | Killed an orc warrior
  3171 | D:3      | Reached XP level 6. HP: 24/32 MP: 5/16
  3203 | D:3      | Found a stormy altar of Qazlal.
  3205 | D:3      | Noticed an air elemental
  3206 | D:3      | Noticed a water elemental
  3206 | D:3      | Noticed a fire elemental
  3287 | D:3      | Noticed Natasha
  3298 | D:3      | Killed Natasha
  3668 | D:3      | Reached skill level 6 in Spellcasting
  4022 | D:3      | Noticed Natasha
  4029 | D:3      | Killed Natasha
  4257 | D:4      | Reached XP level 7. HP: 36/36 MP: 0/19
  4324 | D:3      | Noticed Natasha
  4340 | D:3      | Killed Natasha
  4448 | D:4      | Reached skill level 7 in Spellcasting
  4848 | D:5      | Entered Level 5 of the Dungeon
  4904 | D:5      | Reached skill level 1 in Short Blades
  5046 | D:5      | Found a sacrificial altar of Ru.
  5133 | D:5      | Found an ancient bone altar of Kikubaaqudgha.
  5232 | D:5      | Reached XP level 8. HP: 38/41 MP: 11/21
  5280 | D:5      | Reached skill level 1 in Fire Magic
  5281 | D:5      | Found a runed translucent door.
  5285 | D:5      | Noticed AarnesTheHuman's ghost (weakling OgWz)
  5358 | D:5      | Reached skill level 1 in Long Blades
  5692 | D:6      | Noticed Sigmund
  5706 | D:6      | Killed Sigmund
  5713 | D:6      | Reached skill level 8 in Spellcasting
  5925 | D:6      | Reached skill level 5 in Conjurations
  5948 | D:6      | Noticed Dowan
  5957 | D:6      | Noticed Duvessa
  5984 | D:6      | Killed Duvessa
  5992 | D:6      | Killed Dowan
  6025 | D:6      | Found a basalt altar of Yredelemnul.
  6129 | D:6      | Found a glowing silver altar of Zin.
  6174 | D:6      | Reached XP level 9. HP: 43/45 MP: 8/23
  6247 | D:6      | Found a white marble altar of Elyvilon.
  6483 | D:4      | Found an ornate altar of the Wu Jian Council.
  6866 | D:7      | Found a transporter.
  6891 | D:7      | Noticed a cyclops
  6894 | D:7      | Found a shadowy altar of Dithmenos.
  6902 | D:7      | Found a transporter.
  7034 | D:7      | Reached skill level 1 in Armour
  7844 | D:7      | Found a staircase to the Ecumenical Temple.
  7852 | Temple   | Entered the Ecumenical Temple
  8076 | D:8      | Noticed an elephant
  8078 | D:8      | Found a staircase to the Lair.
  8089 | D:8      | Reached skill level 9 in Spellcasting
  8089 | D:8      | Reached skill level 5 in Poison Magic
  8100 | D:8      | Reached skill level 5 in Air Magic
  8127 | D:8      | Killed an elephant
  8127 | D:8      | Reached skill level 5 in Dodging
  8127 | D:8      | Reached XP level 10. HP: 21/50 MP: 11/25
  8227 | D:8      | Found a bloodstained altar of Trog.
  8267 | D:8      | Found a blossoming altar of Fedhas.
  8720 | D:8      | Found a shattered altar of Ashenzari.
  9474 | Temple   | Became a worshipper of Vehumet
  9816 | Lair:1   | Entered Level 1 of the Lair of Beasts
  9822 | Lair:1   | Noticed a spiny frog
 10049 | Lair:1   | Found a gate leading to a gauntlet.
 10111 | Gauntlet | Entered a Gauntlet
 10111 | Gauntlet | Found a transporter.
 10114 | Gauntlet | Found a transporter.
 10115 | Gauntlet | Noticed a fire crab
 10116 | Gauntlet | Found a transporter.
 10116 | Gauntlet | Found a transporter.
 10131 | Gauntlet | Noticed a hell hog
 10132 | Gauntlet | Found a transporter.
 10134 | Gauntlet | Found a transporter.
 10137 | Gauntlet | Found a transporter.
 10138 | Gauntlet | Found a transporter.
 10165 | Gauntlet | Noticed an elephant
 10165 | Gauntlet | Noticed a dire elephant
 10167 | Gauntlet | Noticed an elephant
 10169 | Gauntlet | Found a transporter.
 10173 | Gauntlet | Noticed an elephant
 10190 | Gauntlet | Noticed a great orb of eyes
 10193 | Gauntlet | Found a transporter.
 10197 | Gauntlet | Noticed a cyan ugly thing
 10197 | Gauntlet | Noticed a white ugly thing
 10235 | Gauntlet | Found a transporter.
 10240 | Gauntlet | Noticed an elephant
 10243 | Gauntlet | Noticed a dire elephant
 10261 | Gauntlet | Noticed a spectral centaur warrior
 10274 | Gauntlet | Found a transporter.
 10277 | Gauntlet | Noticed a death drake
 10387 | Gauntlet | Killed from afar by a hell hound

Levels and vault maps discovered:
D:1:      lightli_arrival_farm, layout_basic, minivault_14
D:2:      layout_basic, uniq_jessica
D:3:      layout_basic, nicolae_qazlal_style_of_elements, uniq_natasha,
          uniq_grinder
D:4:      lemuel_upstairs_altar, layout_rooms, serial_bayou,
          serial_bayou_crossing, serial_bayou_lagoon_b, serial_bayou_pond_e,
          serial_bayou_pond_e, first_ration
D:5:      layout_basic, nicolae_overflow_hidden_temple, kiku_gazebo_pond_becter,
          serial_undead, serial_undead_c, serial_undead_c, serial_undead_f,
          serial_undead_b, ebering_ghost_reflecting_pool
D:6:      layout_rooms, lemuel_doored_altar, yredelemnul_altar_generic,
          elyvilon_altar_5, uniq_sigmund, uniq_duvessa
D:7:      layout_loops_corners, gammafunk_temple_overflow_arena,
          minmay_temple_entry_fiery, serial_glass, glass_columns_b,
          glass_columns_a
D:8:      layout_basic, lemuel_crystal_altar, lightli_temple_of_fire,
          david_lair_generic, ashenzari_altar_1
D:9:      kennysheep_housing_project, layout_irregular_city,
          overflow_temple_1_default, hiddenorc1_lemuel, uniq_psyche
Temple:   eino_temple_water
Lair:1:   layout_regular_city, gauntlet_entry_generic, kennysheep_rathole,
          serial_bayou_shore_a, grunt_megastairs_2, uniq_nergalle
Gauntlet: minmay_gauntlet_mixed_oops_all_seconds
          [minmay_gauntlet_arena_77_double_cross,
          nicolae_gauntlet_arena_flowing_pool,
          minmay_gauntlet_arena_77_terracotta_army,
          gammafunk_gauntlet_arena_spirals, minmay_gauntlet_arena_77_squiggly,
          nicolae_gauntlet_swirl, gauntlet_exit_watery]

Skill      XL: |  1  2  3  4  5  6  7  8  9 10 |
---------------+-------------------------------+-----
Spellcasting   | 5 6 7 8 9 |  9.6
Dodging        | 3 4 5 |  5.1
Conjurations   | 2 3 4 5 7 |  7.4
Stealth        | 3 |  3.6
Poison Magic   | 1 2 4 5 |  5.4
Air Magic      | 1 2 3 4 5 |  5.6
Translocations | 2 3 4 |  4.7
Short Blades   | 1 2 |  2.7
Fire Magic     | 1 |  1.9
Long Blades    | 2 |  2.4
Armour         | 2 3 |  3.7
Summonings     | |  1.1
Evocations     | |  0.7

Action                   |  1- 3 |  4- 6 |  7- 9 | 10-12 || total
-------------------------+-------+-------+-------+-------++-------
Melee: Dagger            |    54 |    44 |   124 |    41 ||   263
       Long sword        |       |    30 |    36 |       ||    66
       Spear             |       |       |    97 |     6 ||   103
       Short sword       |       |       |    64 |    44 ||   108
       Trident           |       |       |       |     7 ||     7
Throw: Dart              |     8 |    42 |    62 |    12 ||   124
       Boomerang         |       |     1 |     2 |       ||     3
 Cast: Magic Dart        |    84 |    66 |   152 |    43 ||   345
       Mephitic Cloud    |     1 |    16 |    28 |     6 ||    51
       Blink             |       |    14 |     5 |     5 ||    24
       Conjure Flame     |       |     4 |    20 |     6 ||    30
Evoke: Wand              |       |       |       |     6 ||     6
  Use: Scroll            |       |       |     8 |     8 ||    16
       Potion            |       |       |     1 |     2 ||     3
 Stab: Sleeping          |     5 |       |       |     1 ||     6
       Confused          |     1 |     8 |    11 |     1 ||    21
  Eat: Chunk             |     1 |     3 |     8 |     4 ||    16
       Ration            |     1 |     1 |     1 |     1 ||     4
Armor: Robe              |    23 |     7 |    21 |       ||    51
       Ring mail         |       |       |    23 |    49 ||    72
       Skin              |       |       |       |    20 ||    20
Dodge: Dodged            |    58 |    53 |   120 |    75 ||   306
       Rpst.: Long sword |       |    11 |     9 |       ||    20

Table legend:
 A = Non-vault XP
 B = Vault XP
 C = Vault XP percentage of total XP
 D = Non-vault monster count
 E = Vault monster count
 F = Vault count percentage of total count
                 A         B        C        D         E       F
            +---------+---------+-------+---------+---------+-------
      Total |    5456 |    1773 |  24.5 |     194 |      16 |   7.6
            +---------+---------+-------+---------+---------+-------
        D:1 |      48 |       0 |   0.0 |      25 |       0 |   0.0
        D:2 |     100 |      37 |  27.0 |      26 |       1 |   3.7
        D:3 |     348 |      39 |  10.1 |      22 |       1 |   4.3
        D:4 |     472 |       0 |   0.0 |      15 |       0 |   0.0
        D:5 |     782 |      32 |   3.9 |      22 |       4 |  15.4
        D:6 |     738 |     437 |  37.2 |      16 |       3 |  15.8
        D:7 |    1767 |     219 |  11.0 |      44 |       2 |   4.3
        D:8 |    1004 |    1008 |  50.1 |      22 |       4 |  15.4
     Lair:1 |     197 |       1 |   0.5 |       2 |       1 |  33.3
            +---------+---------+-------+---------+---------+-------
